Jets vs Canadiens (R1)

Created - January 11, 2019 at 19:26

Goals
1 2 3 T
Jets 1 0 3 4
Canadiens 2 1 3 6
Shots
1 2 3 T
Jets 6 4 17 27
Canadiens 14 6 16 36

1st period

1. Canadiens , Greg Stewart 19 (Sidney Crosby 31) at 3:13 (PP)
2. Jets , Corey Perry 13 (Benoit Pouliot 17, Eric Gelinas 5) at 16:00
3. Canadiens , Greg Stewart 20 (Sidney Crosby 32, Raphael Diaz 19) at 19:00

Penalties :
Nino Niederreiter (Win) for Roughing (Minor) at 3:01, Derek Roy (Win) for Interference (Minor) at 3:50, Steve Downie (Mon) for Holding (Minor) at 8:16

2nd period

4. Canadiens , Brett Maclean 6 (Dustin Boyd 11, Vitaly Vishnevsky 13) at 16:46

Penalties :
Sidney Crosby (Mon) for Hooking (Minor) at 8:07, Greg Stewart (Mon) for High sticking (Minor) at 19:41

3rd period

5. Canadiens , Frans Nielsen 19 (Raphael Diaz 20, Evgeny Dadonov 18) at 3:14
6. Jets , Nino Niederreiter 10 (Tomas Kundratek 2, James Wright 7) at 11:52
7. Jets , Nino Niederreiter 11 (Tyler Myers 11, Fredrik Sjostrom 8) at 12:49
8. Jets , Tyler Myers 6 (Corey Perry 11, Benoit Pouliot 18) at 13:21 (PP)
9. Canadiens , Sidney Crosby 18 (Raphael Diaz 21) at 14:34 (PP)
10. Canadiens , Raphael Diaz 4 (Frans Nielsen 29) at 19:18 (Empty Net)

Penalties :
Greg Stewart (Mon) for Slashing (Minor) at 13:13, Brendan Smith (Win) for Hooking (Minor) at 14:28, Vitaly Vishnevsky (Mon) for Goalie Interference (Minor) at 16:06

Goalie Stats

Kari Lehtonen (Win), 30 saves from 35 shots - (0.857), L, 10-9-0, 59:52 minutes
Henrik Lundqvist (Mon), 23 saves from 27 shots - (0.852), W, 16-14-2, 60:00 minutes

Players Stats for Jets

Player Name              G  A  P  +/- PIM S  H  SB GA TA FO     MP     PP MP  PK MP  
------------------------------------------------------------------------------------
Anton Volchenkov         0  0  0  -1  0   0  1  1  0  0  0/0    20:11   3:13   0:51 
Benoit Pouliot           0  2  2   0  0   3  1  0  0  0  1/2    21:27   4:40   0:42 
Brendan Smith            0  0  0  -1  2   0  2  1  2  1  0/0    28:24   4:51   1:26 
Corey Perry              1  1  2   0  0   4  3  0  0  0  2/7    22:19   4:31   1:35 
Derek Roy                0  0  0   0  2   0  0  0  0  0  4/6     3:49   1:00   0:12 
Derek Stepan             0  0  0  -1  0   2  0  0  0  0  7/10   17:46   3:13   0:00 
Devin Setoguchi          0  0  0  -1  0   1  0  0  1  1  0/0    18:11   3:17   0:42 
Eric Gelinas             0  1  1  -1  0   1  0  1  2  2  0/0    20:11   3:13   0:51 
Erik Haula               0  0  0   0  0   1  1  0  0  0  17/24  21:39   2:56   0:15 
Fredrik Sjostrom         0  1  1   1  0   1  1  0  1  1  0/0     9:50   0:00   0:00 
Jacob Trouba             0  0  0   1  0   0  0  0  0  0  0/0    11:24   0:00   0:00 
James Wright             0  1  1   1  0   3  0  0  1  0  2/3    10:20   0:00   0:00 
Joe Colborne             0  0  0  -1  0   1  1  0  0  0  5/8     7:43   0:00   0:00 
Lee Stempniak            0  0  0  -2  0   1  1  0  0  0  0/1    12:30   1:24   0:00 
Marcus Johansson         0  0  0  -1  0   2  2  0  0  1  0/1    17:02   3:04   0:00 
Nino Niederreiter        2  0  2   1  2   5  2  2  0  1  1/3    15:05   0:07   1:08 
Tomas Kundratek          0  1  1   1  0   1  0  1  0  0  0/0    11:24   0:00   0:00 
Tyler Myers              1  1  2  -1  0   1  4  1  0  1  0/0    28:25   4:51   1:26 

Players Stats for Canadiens

Player Name              G  A  P  +/- PIM S  H  SB GA TA FO     MP     PP MP  PK MP  
------------------------------------------------------------------------------------
Adam Pardy               0  0  0   0  0   1  0  0  0  1  0/0    14:41   0:00   3:14 
Alexander Frolov         0  0  0   0  0   0  0  1  1  0  0/1    16:54   0:43   4:33 
Brett Maclean            1  0  1  -1  0   1  1  0  0  0  0/0    11:01   0:00   0:00 
Brock Nelson             0  0  0   1  0   2  2  0  0  0  0/0    10:23   0:00   1:47 
David Jones              0  0  0   1  0   3  2  0  0  0  0/0    11:43   0:00   1:44 
Dustin Boyd              0  1  1  -1  0   2  1  0  1  1  5/13   15:44   0:00   4:10 
Enver Lisin              0  0  0  -1  0   2  1  0  0  0  0/0    11:22   0:00   0:00 
Evgeny Dadonov           0  1  1   0  0   3  0  1  2  0  0/0    11:51   0:43   0:00 
Frans Nielsen            1  1  2   1  0   2  0  0  0  0  7/15   17:09   0:43   3:26 
Greg Stewart             2  0  2   1  4   6  1  0  3  0  0/1    18:26   1:34   0:00 
Luke Schenn              0  0  0   2  0   4  2  3  0  1  0/0    28:16   1:43   4:50 
Marcel Goc               0  0  0   0  0   2  3  1  0  0  1/3     8:45   0:00   0:28 
Mark Stuart              0  0  0  -1  0   0  3  2  0  0  0/0    20:03   0:34   3:14 
Raphael Diaz             1  3  4   3  0   1  4  2  0  2  0/0    22:57   1:43   0:00 
Shaone Morrisonn         0  0  0  -1  0   0  0  1  0  1  0/0    17:00   0:00   4:50 
Sidney Crosby            1  2  3   1  2   6  1  0  1  0  13/31  18:45   1:34   0:00 
Steve Downie             0  0  0   1  2   1  4  0  0  0  0/1    19:19   1:34   0:00 
Vitaly Vishnevsky        0  1  1  -1  2   0  1  2  0  1  0/0    17:32   0:34   0:00 

3 Stars

1 - Raphael Diaz (Mon)
2 - Sidney Crosby (Mon)
3 - Nino Niederreiter (Win)

Power Play

Jets - 1 on 5 Attempt(s) - 20.00%
Canadiens - 2 on 3 Attempt(s) - 66.67%

Penalty Kill

Jets - 1 on 3 Attempt(s) - 33.33% - Score 0 goal in Penalty Kill
Canadiens - 4 on 5 Attempt(s) - 80.00% - Score 0 goal in Penalty Kill

Team Stat

Jets - Hits : 19 - Faceoff Wins : 39 - Blocked Shots : 7 - Penalty Minutes : 6
Canadiens - Hits : 26 - Faceoff Wins : 26 - Blocked Shots : 13 - Penalty Minutes : 10

Official

Referees : Unknown
Linesman : Unknown

Game Notes

Derek Roy is injured at 14:09 of 1st period (Strained Right Knee)
Raphael Diaz has scored in a empty net!

Finance

Level 1 -- Attendance: 6000 (100.00%) -- Ticket Income $528,000
Level 2 -- Attendance: 4714 (94.28%) -- Ticket Income $259,270
Level 3 -- Attendance: 2000 (100.00%) -- Ticket Income $68,000
Level 4 -- Attendance: 3539 (88.48%) -- Ticket Income $92,014
Luxury Box -- Attendance: 1000 (100.00%) -- Ticket Income $148,000
Game was played at the Centre Bell.
Total Attendance: 17253 (95.85%)
Total Ticket Income: $1,095,284
Other Income: $164,293
Total Income: $1,259,577

Jets

5 vs 5 Forward 
   Center                   Left Wing                Right Wing               Time % Phy DF OF 
 1 Derek Roy                Benoit Pouliot           Corey Perry              40     1   2  2  
 2 Derek Stepan             Marcus Johansson         Devin Setoguchi          30     1   2  2  
 3 Joe Colborne             Erik Haula               Lee Stempniak            20     1   2  2  
 4 James Wright             Fredrik Sjostrom         Nino Niederreiter        10     1   2  2  

5 vs 5 Defense 
   Defense                  Defense                                           Time % Phy DF OF 
 1 Tyler Myers              Brendan Smith                                     40     1   2  2  
 2 Anton Volchenkov         Eric Gelinas                                      30     1   2  2  
 3 Tomas Kundratek          Jacob Trouba                                      20     1   2  2  
 4 Tyler Myers              Brendan Smith                                     10     1   2  2  

PowerPlay Forward 
   Center                   Left Wing                Right Wing               Time % Phy DF OF 
 1 Derek Roy                Benoit Pouliot           Corey Perry              60     1   2  2  
 2 Derek Stepan             Marcus Johansson         Devin Setoguchi          40     1   2  2  

PowerPlay Defense
   Defense                  Defense                                           Time % Phy DF OF 
 1 Tyler Myers              Brendan Smith                                     60     1   2  2  
 2 Anton Volchenkov         Eric Gelinas                                      40     1   2  2  

Penalty Kill 4 Players Forward 
   Center                   Wing                     Time % Phy DF OF 
 1 Corey Perry              Derek Roy                60     1   2  2  
 2 Benoit Pouliot           Devin Setoguchi          40     1   2  2  

Penalty Kill 4 Players Defense
   Defense                  Defense                  Time % Phy DF OF 
 1 Tyler Myers              Brendan Smith            60     1   2  2  
 2 Anton Volchenkov         Eric Gelinas             40     1   2  2  

Penalty Kill - 3 Players Forward 
   Forward                                           Time % Phy DF OF 
 1 Corey Perry                                       60     1   2  2  
 2 Derek Roy                                         40     1   2  2  

Penalty Kill - 3 Players Defense
   Defense                  Defense                  Time % Phy DF OF 
 1 Tyler Myers              Brendan Smith            60     1   2  2  
 2 Anton Volchenkov         Eric Gelinas             40     1   2  2  

4 vs 4 Forward 
   Center                   Wing                     Time % Phy DF OF 
 1 Corey Perry              Derek Roy                60     1   2  2  
 2 Benoit Pouliot           Devin Setoguchi          40     1   2  2  

4 vs 4 Defense
   Defense                  Defense                  Time % Phy DF OF 
 1 Tyler Myers              Brendan Smith            60     1   2  2  
 2 Anton Volchenkov         Eric Gelinas             40     1   2  2  

Last Minutes Offensive
   Center                   Left Wing                Right Wing               Defense                  Defense                  
   Derek Roy                Benoit Pouliot           Corey Perry              Tyler Myers              Brendan Smith            

Last Minutes Defensive
   Center                   Left Wing                Right Wing               Defense                  Defense                  
   Derek Roy                Benoit Pouliot           Corey Perry              Tyler Myers              Brendan Smith            

Goaltenders
Starting : Kari Lehtonen            
Backup : Jonathan Bernier         

Extra Forwards
Normal : Erik Haula, Lee Stempniak, Nino Niederreiter - PP : Erik Haula, Lee Stempniak - PK : Nino Niederreiter
Extra Defensemen
Normal : Tomas Kundratek, Jacob Trouba, Anton Volchenkov - PP : Tomas Kundratek - PK : Jacob Trouba, Anton Volchenkov
Penalty Shots
Corey Perry, Derek Roy, Benoit Pouliot, Devin Setoguchi, Derek Stepan

Scratches
Ronalds Kenins (Healthy), Kevin Hayes (Healthy), Marco Scandella (Left Hip Injury)

Canadiens

5 vs 5 Forward 
   Center                   Left Wing                Right Wing               Time % Phy DF OF 
 1 Sidney Crosby            Greg Stewart             Steve Downie             40     0   1  4  
 2 Frans Nielsen            Alexander Frolov         Evgeny Dadonov           30     0   1  4  
 3 Dustin Boyd              Brett Maclean            Enver Lisin              20     0   2  3  
 4 Marcel Goc               Brock Nelson             David Jones              10     0   3  2  

5 vs 5 Defense 
   Defense                  Defense                                           Time % Phy DF OF 
 1 Luke Schenn              Raphael Diaz                                      40     0   2  3  
 2 Vitaly Vishnevsky        Mark Stuart                                       30     0   2  3  
 3 Adam Pardy               Shaone Morrisonn                                  20     0   3  2  
 4 Luke Schenn              Raphael Diaz                                      10     0   3  2  

PowerPlay Forward 
   Center                   Left Wing                Right Wing               Time % Phy DF OF 
 1 Sidney Crosby            Greg Stewart             Steve Downie             60     0   0  5  
 2 Frans Nielsen            Alexander Frolov         Evgeny Dadonov           40     0   0  5  

PowerPlay Defense
   Defense                  Defense                                           Time % Phy DF OF 
 1 Raphael Diaz             Luke Schenn                                       60     0   1  4  
 2 Vitaly Vishnevsky        Mark Stuart                                       40     0   1  4  

Penalty Kill 4 Players Forward 
   Center                   Wing                     Time % Phy DF OF 
 1 Dustin Boyd              Alexander Frolov         60     0   5  0  
 2 Frans Nielsen            David Jones              40     0   5  0  

Penalty Kill 4 Players Defense
   Defense                  Defense                  Time % Phy DF OF 
 1 Shaone Morrisonn         Luke Schenn              60     1   4  0  
 2 Adam Pardy               Mark Stuart              40     1   4  0  

Penalty Kill - 3 Players Forward 
   Forward                                           Time % Phy DF OF 
 1 Dustin Boyd                                       60     0   5  0  
 2 Marcel Goc                                        40     0   5  0  

Penalty Kill - 3 Players Defense
   Defense                  Defense                  Time % Phy DF OF 
 1 Shaone Morrisonn         Luke Schenn              60     0   5  0  
 2 Mark Stuart              Adam Pardy               40     0   5  0  

4 vs 4 Forward 
   Center                   Wing                     Time % Phy DF OF 
 1 Sidney Crosby            Greg Stewart             60     0   2  3  
 2 Frans Nielsen            Alexander Frolov         40     0   2  3  

4 vs 4 Defense
   Defense                  Defense                  Time % Phy DF OF 
 1 Vitaly Vishnevsky        Mark Stuart              60     0   2  3  
 2 Luke Schenn              Raphael Diaz             40     0   2  3  

Last Minutes Offensive
   Center                   Left Wing                Right Wing               Defense                  Defense                  
   Sidney Crosby            Greg Stewart             Steve Downie             Luke Schenn              Raphael Diaz             

Last Minutes Defensive
   Center                   Left Wing                Right Wing               Defense                  Defense                  
   Frans Nielsen            Alexander Frolov         David Jones              Shaone Morrisonn         Luke Schenn              

Goaltenders
Starting : Henrik Lundqvist         
Backup : Allen York               

Extra Forwards
Normal : Sidney Crosby, Frans Nielsen, Greg Stewart - PP : Sidney Crosby, Frans Nielsen - PK : Alexander Frolov
Extra Defensemen
Normal : Luke Schenn, Raphael Diaz, Shaone Morrisonn - PP : Luke Schenn - PK : Mark Stuart, Luke Schenn
Penalty Shots
Sidney Crosby, Frans Nielsen, Greg Stewart, Alexander Frolov, Steve Downie

Scratches
Dustin Kohn (Healthy), Wes O'Neill (Healthy)

% Time on Ice - Jets

Lines # - Real PCT - Wanted PCT - Time Play
Normal Forward
1 - 35% - 40% - 17:28
2 - 29% - 30% - 14:15
3 - 16% - 20% - 7:43
4 - 20% - 10% - 9:50
Normal Defense
1 - 40% - 40% - 19:29
2 - 33% - 30% - 16:07
3 - 23% - 20% - 11:07
4 - 5% - 10% - 2:33
PP Forward
1 - 62% - 60% - 5:00
2 - 38% - 40% - 3:04
PP Defense
1 - 60% - 60% - 4:51
2 - 40% - 40% - 3:13
PK Forward
1 - 69% - 60% - 1:35
2 - 31% - 40% - 0:42
PK Defense
1 - 63% - 60% - 1:26
2 - 37% - 40% - 0:51
PK3 Forward
1 - 0% - 60%
2 - 0% - 40%
PK3 Defense
1 - 0% - 60%
2 - 0% - 40%
44 Forward
1 - 0% - 60%
2 - 0% - 40%
44 Defense
1 - 0% - 60%
2 - 0% - 40%
Last Minute Offensive  - 0:23
Last Minute Defensive  - 0:00
Total
Forward - 60:00
Defense - 60:00

% Time on Ice - Canadiens

Lines # - Real PCT - Wanted PCT - Time Play
Normal Forward
1 - 36% - 40% - 17:31
2 - 26% - 30% - 12:41
3 - 22% - 20% - 11:01
4 - 16% - 10% - 8:04
Normal Defense
1 - 41% - 40% - 20:17
2 - 34% - 30% - 16:32
3 - 20% - 20% - 9:56
4 - 5% - 10% - 2:32
PP Forward
1 - 69% - 60% - 1:34
2 - 31% - 40% - 0:43
PP Defense
1 - 75% - 60% - 1:43
2 - 25% - 40% - 0:34
PK Forward
1 - 79% - 60% - 6:20
2 - 21% - 40% - 1:44
PK Defense
1 - 60% - 60% - 4:50
2 - 40% - 40% - 3:14
PK3 Forward
1 - 0% - 60%
2 - 0% - 40%
PK3 Defense
1 - 0% - 60%
2 - 0% - 40%
44 Forward
1 - 0% - 60%
2 - 0% - 40%
44 Defense
1 - 0% - 60%
2 - 0% - 40%
Last Minute Offensive  - 0:00
Last Minute Defensive  - 0:22
Total
Forward - 60:00
Defense - 60:00

Play-by-Play

1st period


0:01 of 1st period - Derek Roy wins face-off versus Sidney Crosby in neutral zone.
0:57 of 1st period - Slapshot by Eric Gelinas.
0:57 of 1st period - Stopped by Henrik Lundqvist with a rebound.
1:06 of 1st period - Icing by Eric Gelinas.
1:07 of 1st period - Marcel Goc wins face-off versus Nino Niederreiter in Jets zone.
1:16 of 1st period - Snap shot by Anton Volchenkov.
1:16 of 1st period - Shot Blocked by Marcel Goc.
1:24 of 1st period - Marcel Goc is hit by Fredrik Sjostrom and loses puck.
1:31 of 1st period - Anton Volchenkov is hit by Raphael Diaz and loses puck.
2:00 of 1st period - Eric Gelinas is hit by Brock Nelson and loses puck.
2:12 of 1st period - Snap shot by David Jones.
2:12 of 1st period - Stopped by Kari Lehtonen with a rebound.
2:22 of 1st period - Adam Pardy is hit by Nino Niederreiter and loses puck.
2:37 of 1st period - Slapshot by Shaone Morrisonn.
2:37 of 1st period - Shot Blocked by Anton Volchenkov.
2:59 of 1st period - Snap shot by David Jones.
2:59 of 1st period - Shot Blocked by Nino Niederreiter.
3:01 of 1st period - Minor Penalty to Nino Niederreiter for Roughing.
3:02 of 1st period - Sidney Crosby wins face-off versus Corey Perry in Jets zone.
3:09 of 1st period - Backhand shot by Greg Stewart.
3:09 of 1st period - Shot Blocked by Tyler Myers.
3:11 of 1st period - Slapshot by Luke Schenn.
3:11 of 1st period - Stopped by Kari Lehtonen without a rebound.
3:12 of 1st period - Sidney Crosby wins face-off versus Corey Perry in Jets zone.
3:13 of 1st period - Snap shot by Greg Stewart.
3:13 of 1st period - Goal by Greg Stewart - Jets : 0 - Canadiens : 1.
3:14 of 1st period - Derek Roy wins face-off versus Sidney Crosby in neutral zone.
3:25 of 1st period - Snap shot by Greg Stewart.
3:25 of 1st period - Shot Misses the Net.
3:27 of 1st period - Slapshot by Luke Schenn.
3:27 of 1st period - Stopped by Kari Lehtonen without a rebound.
3:28 of 1st period - Derek Roy wins face-off versus Sidney Crosby in Jets zone.
3:28 of 1st period - Derek Roy is hit by Raphael Diaz.
3:50 of 1st period - Minor Penalty to Derek Roy for Interference.
3:51 of 1st period - Corey Perry wins face-off versus Sidney Crosby in Jets zone.
4:00 of 1st period - Backhand shot by Sidney Crosby.
4:00 of 1st period - Stopped by Kari Lehtonen without a rebound.
4:01 of 1st period - Sidney Crosby wins face-off versus Corey Perry in Jets zone.
4:30 of 1st period - Eric Gelinas is hit by Steve Downie.
4:45 of 1st period - Snap shot by Sidney Crosby.
4:45 of 1st period - Stopped by Kari Lehtonen without a rebound.
4:46 of 1st period - Frans Nielsen wins face-off versus Corey Perry in Jets zone.
5:50 of 1st period - Penalty to Derek Roy is over, Derek Roy is back on ice.
6:08 of 1st period - Erik Haula is hit by Mark Stuart and loses puck.
6:25 of 1st period - Snap shot by Brock Nelson.
6:25 of 1st period - Stopped by Kari Lehtonen without a rebound.
6:26 of 1st period - Dustin Boyd wins face-off versus Marcus Johansson in Jets zone.
7:15 of 1st period - Wrist shot by Devin Setoguchi.
7:15 of 1st period - Stopped by Henrik Lundqvist with a rebound.
7:22 of 1st period - Off-side.
7:23 of 1st period - Sidney Crosby wins face-off versus Derek Roy in neutral zone.
7:36 of 1st period - Snap shot by Greg Stewart.
7:36 of 1st period - Shot Misses the Net.
7:38 of 1st period - Snap shot by Steve Downie.
7:38 of 1st period - Stopped by Kari Lehtonen without a rebound.
7:39 of 1st period - Frans Nielsen wins face-off versus Joe Colborne in Jets zone.
7:40 of 1st period - Backhand shot by Evgeny Dadonov.
7:40 of 1st period - Stopped by Kari Lehtonen without a rebound.
7:41 of 1st period - Joe Colborne wins face-off versus Frans Nielsen in Jets zone.
8:16 of 1st period - Minor Penalty to Steve Downie for Holding.
8:17 of 1st period - Dustin Boyd wins face-off versus Derek Roy in Canadiens zone.
8:29 of 1st period - Wrist shot by Benoit Pouliot.
8:29 of 1st period - Shot Blocked by Alexander Frolov.
8:31 of 1st period - Slapshot by Derek Roy.
8:31 of 1st period - Shot Misses the Net.
8:43 of 1st period - Luke Schenn is hit by Tyler Myers and loses puck.
10:16 of 1st period - Penalty to Steve Downie is over, Steve Downie is back on ice.
10:25 of 1st period - Erik Haula is hit by Steve Downie and loses puck.
10:30 of 1st period - Wrist shot by David Jones.
10:30 of 1st period - Shot Misses the Net.
10:40 of 1st period - Snap shot by Steve Downie.
10:40 of 1st period - Shot Misses the Net.
10:54 of 1st period - Erik Haula is hit by Steve Downie and loses puck.
11:31 of 1st period - Erik Haula is hit by Raphael Diaz and loses puck.
11:48 of 1st period - Icing by Erik Haula.
11:49 of 1st period - Erik Haula wins face-off versus Dustin Boyd in Jets zone.
11:58 of 1st period - Snap shot by Lee Stempniak.
11:58 of 1st period - Stopped by Henrik Lundqvist with a rebound.
12:06 of 1st period - Backhand shot by Enver Lisin.
12:06 of 1st period - Stopped by Kari Lehtonen without a rebound.
12:07 of 1st period - Derek Stepan wins face-off versus Dustin Boyd in Jets zone.
12:29 of 1st period - Off-side.
12:30 of 1st period - Derek Roy wins face-off versus Sidney Crosby in neutral zone.
12:47 of 1st period - Snap shot by Benoit Pouliot.
12:47 of 1st period - Stopped by Henrik Lundqvist with a rebound.
14:01 of 1st period - Brock Nelson is hit by Tyler Myers and loses puck.
14:08 of 1st period - Derek Roy is hit by David Jones and loses puck.
14:09 of 1st period - Derek Roy from Jets is injured at 14:09 of 1st period (Strained Right Knee).
14:10 of 1st period - Sidney Crosby wins face-off versus Derek Stepan in Jets zone.
14:19 of 1st period - Slapshot by Greg Stewart.
14:19 of 1st period - Stopped by Kari Lehtonen without a rebound.
14:20 of 1st period - Derek Stepan wins face-off versus Steve Downie in Jets zone.
15:33 of 1st period - Snap shot by Luke Schenn.
15:33 of 1st period - Stopped by Kari Lehtonen without a rebound.
15:34 of 1st period - Joe Colborne wins face-off versus Frans Nielsen in Jets zone.
15:43 of 1st period - Snap shot by Erik Haula.
15:43 of 1st period - Shot Blocked by Mark Stuart.
15:45 of 1st period - Wrist shot by Erik Haula.
15:45 of 1st period - Stopped by Henrik Lundqvist without a rebound.
15:46 of 1st period - Frans Nielsen wins face-off versus Erik Haula in Canadiens zone.
16:00 of 1st period - Snap shot by Corey Perry.
16:00 of 1st period - Goal by Corey Perry - Jets : 1 - Canadiens : 1.
16:01 of 1st period - Joe Colborne wins face-off versus Frans Nielsen in neutral zone.
16:36 of 1st period - Steve Downie is hit by Corey Perry and loses puck.
17:30 of 1st period - Evgeny Dadonov is hit by Corey Perry and loses puck.
17:36 of 1st period - Off-side.
17:37 of 1st period - Erik Haula wins face-off versus Sidney Crosby in neutral zone.
18:03 of 1st period - Devin Setoguchi is hit by Luke Schenn and loses puck.
18:36 of 1st period - Snap shot by Enver Lisin.
18:36 of 1st period - Shot Misses the Net.
19:00 of 1st period - Snap shot by Greg Stewart.
19:00 of 1st period - Goal by Greg Stewart - Jets : 1 - Canadiens : 2.
19:01 of 1st period - Erik Haula wins face-off versus Sidney Crosby in neutral zone.
19:12 of 1st period - Snap shot by Sidney Crosby.
19:12 of 1st period - Stopped by Kari Lehtonen with a rebound.
19:14 of 1st period - Slapshot by Steve Downie.
19:14 of 1st period - Shot Misses the Net.
19:16 of 1st period - Slapshot by Adam Pardy.
19:16 of 1st period - Deflect By Sidney Crosby.
19:16 of 1st period - Shot Misses the Net.
19:16 of 1st period - Puck is out of play.
19:17 of 1st period - Frans Nielsen wins face-off versus Derek Stepan in Jets zone.
19:20 of 1st period - Slapshot by Alexander Frolov.
19:20 of 1st period - Shot Misses the Net.
19:44 of 1st period - Benoit Pouliot is hit by Greg Stewart and loses puck.
Goals for this period are 1 for Jets vs 2 for Canadiens.
Shots for this period are 6 for Jets vs 14 for Canadiens.

2nd period


0:01 of 2nd period - Joe Colborne wins face-off versus Greg Stewart in neutral zone.
0:04 of 2nd period - Greg Stewart is hit by Lee Stempniak and loses puck.
0:30 of 2nd period - Slapshot by Eric Gelinas.
0:30 of 2nd period - Shot Blocked by Evgeny Dadonov.
1:12 of 2nd period - Slapshot by Greg Stewart.
1:12 of 2nd period - Stopped by Kari Lehtonen with a rebound.
2:22 of 2nd period - Snap shot by Adam Pardy.
2:22 of 2nd period - Stopped by Kari Lehtonen with a rebound.
3:17 of 2nd period - Derek Stepan is hit by Raphael Diaz.
3:38 of 2nd period - David Jones is hit by Benoit Pouliot and loses puck.
3:49 of 2nd period - Mark Stuart is hit by Brendan Smith and loses puck.
4:40 of 2nd period - Snap shot by Evgeny Dadonov.
4:40 of 2nd period - Shot Misses the Net.
5:14 of 2nd period - Shaone Morrisonn is hit by Joe Colborne and loses puck.
6:07 of 2nd period - Anton Volchenkov is hit by Marcel Goc and loses puck.
6:41 of 2nd period - Icing by Mark Stuart.
6:42 of 2nd period - James Wright wins face-off versus Dustin Boyd in Canadiens zone.
6:43 of 2nd period - Wrist shot by Nino Niederreiter.
6:43 of 2nd period - Shot Misses the Net.
7:15 of 2nd period - Wrist shot by Joe Colborne.
7:15 of 2nd period - Shot Blocked by Raphael Diaz.
8:07 of 2nd period - Minor Penalty to Sidney Crosby for Hooking.
8:08 of 2nd period - Erik Haula wins face-off versus Dustin Boyd in Canadiens zone.
8:08 of 2nd period - Slapshot by Benoit Pouliot.
8:08 of 2nd period - Shot Hit the Post.
9:05 of 2nd period - Adam Pardy is hit by Corey Perry and loses puck.
10:07 of 2nd period - Penalty to Sidney Crosby is over, Sidney Crosby is back on ice.
10:20 of 2nd period - Snap shot by James Wright.
10:20 of 2nd period - Stopped by Henrik Lundqvist with a rebound.
10:22 of 2nd period - Snap shot by Nino Niederreiter.
10:22 of 2nd period - Shot Misses the Net.
10:24 of 2nd period - Snap shot by James Wright.
10:24 of 2nd period - Shot Blocked by Luke Schenn.
12:16 of 2nd period - Slapshot by Raphael Diaz.
12:16 of 2nd period - Deflect By Enver Lisin.
12:16 of 2nd period - Stopped by Kari Lehtonen with a rebound.
13:17 of 2nd period - Tyler Myers is hit by David Jones and loses puck.
13:30 of 2nd period - Joe Colborne is hit by Dustin Boyd.
15:03 of 2nd period - Marcus Johansson is hit by Marcel Goc and loses puck.
15:32 of 2nd period - Joe Colborne is hit by Enver Lisin and loses puck.
15:45 of 2nd period - Greg Stewart is hit by Nino Niederreiter and loses puck.
16:01 of 2nd period - Off-side.
16:02 of 2nd period - Derek Stepan wins face-off versus Frans Nielsen in neutral zone.
16:05 of 2nd period - Alexander Frolov is hit by Anton Volchenkov and loses puck.
16:27 of 2nd period - Corey Perry is hit by Mark Stuart and loses puck.
16:46 of 2nd period - Snap shot by Brett Maclean.
16:46 of 2nd period - Goal by Brett Maclean - Jets : 1 - Canadiens : 3.
16:47 of 2nd period - Sidney Crosby wins face-off versus Erik Haula in neutral zone.
16:52 of 2nd period - Icing by Brendan Smith.
16:53 of 2nd period - Sidney Crosby wins face-off versus Corey Perry in Jets zone.
17:02 of 2nd period - Slapshot by Luke Schenn.
17:02 of 2nd period - Shot Misses the Net.
17:04 of 2nd period - Snap shot by Greg Stewart.
17:04 of 2nd period - Deflect By Sidney Crosby.
17:04 of 2nd period - Stopped by Kari Lehtonen without a rebound.
17:05 of 2nd period - Sidney Crosby wins face-off versus Erik Haula in Jets zone.
17:32 of 2nd period - Alexander Frolov is hit by Tyler Myers.
17:41 of 2nd period - Evgeny Dadonov is hit by Marcus Johansson and loses puck.
17:53 of 2nd period - Off-side.
17:54 of 2nd period - Dustin Boyd wins face-off versus Nino Niederreiter in neutral zone.
17:59 of 2nd period - James Wright is hit by Brett Maclean.
18:00 of 2nd period - Icing by James Wright.
18:01 of 2nd period - Sidney Crosby wins face-off versus James Wright in Jets zone.
18:38 of 2nd period - Wrist shot by Evgeny Dadonov.
18:38 of 2nd period - Shot Blocked by Eric Gelinas.
18:54 of 2nd period - Snap shot by Marcus Johansson.
18:54 of 2nd period - Stopped by Henrik Lundqvist with a rebound.
19:12 of 2nd period - Wrist shot by Joe Colborne.
19:12 of 2nd period - Stopped by Henrik Lundqvist without a rebound.
19:13 of 2nd period - Sidney Crosby wins face-off versus Joe Colborne in Canadiens zone.
19:20 of 2nd period - Snap shot by Sidney Crosby.
19:20 of 2nd period - Deflect By Greg Stewart.
19:20 of 2nd period - Stopped by Kari Lehtonen without a rebound.
19:21 of 2nd period - Erik Haula wins face-off versus Sidney Crosby in Jets zone.
19:26 of 2nd period - Slapshot by Brendan Smith.
19:26 of 2nd period - Deflect By Corey Perry.
19:26 of 2nd period - Shot Blocked by Shaone Morrisonn.
19:26 of 2nd period - Puck is out of play.
19:27 of 2nd period - Erik Haula wins face-off versus Sidney Crosby in Canadiens zone.
19:34 of 2nd period - Wrist shot by Corey Perry.
19:34 of 2nd period - Stopped by Henrik Lundqvist without a rebound.
19:35 of 2nd period - Erik Haula wins face-off versus Sidney Crosby in Canadiens zone.
19:36 of 2nd period - Wrist shot by Benoit Pouliot.
19:36 of 2nd period - Shot Misses the Net.
19:38 of 2nd period - Wrist shot by Erik Haula.
19:38 of 2nd period - Deflect By Corey Perry.
19:38 of 2nd period - Shot Blocked by Raphael Diaz.
19:38 of 2nd period - Puck is out of play.
19:39 of 2nd period - Sidney Crosby wins face-off versus Erik Haula in Canadiens zone.
19:41 of 2nd period - Minor Penalty to Greg Stewart for High sticking.
19:42 of 2nd period - Erik Haula wins face-off versus Alexander Frolov in Canadiens zone.
19:46 of 2nd period - Wrist shot by Corey Perry.
19:46 of 2nd period - Shot Blocked by Luke Schenn.
Goals for this period are 0 for Jets vs 1 for Canadiens.
Shots for this period are 4 for Jets vs 6 for Canadiens.

3rd period


0:01 of 3rd period - Dustin Boyd wins face-off versus Erik Haula in neutral zone.
1:16 of 3rd period - Frans Nielsen is hit by Brendan Smith and loses puck.
1:41 of 3rd period - Penalty to Greg Stewart is over, Greg Stewart is back on ice.
1:59 of 3rd period - Snap shot by Sidney Crosby.
1:59 of 3rd period - Stopped by Kari Lehtonen with a rebound.
2:15 of 3rd period - Slapshot by Tomas Kundratek.
2:15 of 3rd period - Stopped by Henrik Lundqvist without a rebound.
2:16 of 3rd period - Joe Colborne wins face-off versus Sidney Crosby in Canadiens zone.
2:35 of 3rd period - Icing by Mark Stuart.
2:36 of 3rd period - Erik Haula wins face-off versus Sidney Crosby in Canadiens zone.
2:39 of 3rd period - Slapshot by Benoit Pouliot.
2:39 of 3rd period - Shot Blocked by Vitaly Vishnevsky.
3:03 of 3rd period - Slapshot by Greg Stewart.
3:03 of 3rd period - Shot Misses the Net.
3:05 of 3rd period - Slapshot by Greg Stewart.
3:05 of 3rd period - Stopped by Kari Lehtonen without a rebound.
3:06 of 3rd period - Derek Stepan wins face-off versus Frans Nielsen in Jets zone.
3:06 of 3rd period - Derek Stepan is hit by Luke Schenn.
3:12 of 3rd period - Wrist shot by Evgeny Dadonov.
3:12 of 3rd period - Stopped by Kari Lehtonen with a rebound.
3:14 of 3rd period - Snap shot by Raphael Diaz.
3:14 of 3rd period - Deflect By Frans Nielsen.
3:14 of 3rd period - Goal by Frans Nielsen - Jets : 1 - Canadiens : 4.
3:15 of 3rd period - Sidney Crosby wins face-off versus Benoit Pouliot in neutral zone.
3:20 of 3rd period - Slapshot by Luke Schenn.
3:20 of 3rd period - Stopped by Kari Lehtonen without a rebound.
3:21 of 3rd period - Erik Haula wins face-off versus Sidney Crosby in Jets zone.
3:28 of 3rd period - Brendan Smith is hit by Steve Downie and loses puck.
3:53 of 3rd period - Backhand shot by Greg Stewart.
3:53 of 3rd period - Deflect By Sidney Crosby.
3:53 of 3rd period - Shot Blocked by Brendan Smith.
3:53 of 3rd period - Puck is out of play.
3:54 of 3rd period - Derek Stepan wins face-off versus Frans Nielsen in Jets zone.
4:06 of 3rd period - Wrist shot by Marcus Johansson.
4:06 of 3rd period - Shot Misses the Net.
4:08 of 3rd period - Wrist shot by Derek Stepan.
4:08 of 3rd period - Stopped by Henrik Lundqvist with a rebound.
5:11 of 3rd period - Snap shot by David Jones.
5:11 of 3rd period - Stopped by Kari Lehtonen without a rebound.
5:12 of 3rd period - Erik Haula wins face-off versus Frans Nielsen in Jets zone.
5:17 of 3rd period - Snap shot by Evgeny Dadonov.
5:17 of 3rd period - Stopped by Kari Lehtonen without a rebound.
5:18 of 3rd period - Frans Nielsen wins face-off versus Erik Haula in Jets zone.
6:34 of 3rd period - Mark Stuart is hit by Erik Haula.
6:38 of 3rd period - Lee Stempniak is hit by Vitaly Vishnevsky and loses puck.
7:40 of 3rd period - Wrist shot by Dustin Boyd.
7:40 of 3rd period - Stopped by Kari Lehtonen with a rebound.
7:42 of 3rd period - Snap shot by Brett Maclean.
7:42 of 3rd period - Shot Misses the Net.
7:51 of 3rd period - Off-side.
7:52 of 3rd period - Nino Niederreiter wins face-off versus Frans Nielsen in neutral zone.
7:55 of 3rd period - Alexander Frolov is hit by Tyler Myers and loses puck.
8:56 of 3rd period - Brendan Smith is hit by Marcel Goc and loses puck.
9:51 of 3rd period - Snap shot by Sidney Crosby.
9:51 of 3rd period - Shot Blocked by Tomas Kundratek.
10:05 of 3rd period - Corey Perry is hit by Brock Nelson.
10:10 of 3rd period - Off-side.
10:11 of 3rd period - Erik Haula wins face-off versus Marcel Goc in neutral zone.
10:15 of 3rd period - Slapshot by Anton Volchenkov.
10:15 of 3rd period - Deflect By Benoit Pouliot.
10:15 of 3rd period - Stopped by Henrik Lundqvist without a rebound.
10:16 of 3rd period - Sidney Crosby wins face-off versus Erik Haula in Canadiens zone.
10:21 of 3rd period - Erik Haula is hit by Sidney Crosby and loses puck.
10:30 of 3rd period - Wrist shot by Benoit Pouliot.
10:30 of 3rd period - Stopped by Henrik Lundqvist with a rebound.
10:32 of 3rd period - Snap shot by Eric Gelinas.
10:32 of 3rd period - Shot Misses the Net.
11:04 of 3rd period - Wrist shot by Nino Niederreiter.
11:04 of 3rd period - Deflect By Raphael Diaz.
11:04 of 3rd period - Stopped by Henrik Lundqvist without a rebound.
11:05 of 3rd period - James Wright wins face-off versus Dustin Boyd in Canadiens zone.
11:28 of 3rd period - Wrist shot by Nino Niederreiter.
11:28 of 3rd period - Stopped by Henrik Lundqvist with a rebound.
11:30 of 3rd period - Snap shot by Fredrik Sjostrom.
11:30 of 3rd period - Shot Blocked by Vitaly Vishnevsky.
11:32 of 3rd period - Slapshot by Nino Niederreiter.
11:32 of 3rd period - Shot Misses the Net.
11:34 of 3rd period - Slapshot by Nino Niederreiter.
11:34 of 3rd period - Stopped by Henrik Lundqvist with a rebound.
11:36 of 3rd period - Snap shot by James Wright.
11:36 of 3rd period - Stopped by Henrik Lundqvist with a rebound.
11:38 of 3rd period - Wrist shot by Fredrik Sjostrom.
11:38 of 3rd period - Stopped by Henrik Lundqvist with a rebound.
11:44 of 3rd period - Backhand shot by James Wright.
11:44 of 3rd period - Shot Blocked by Mark Stuart.
11:48 of 3rd period - Slapshot by James Wright.
11:48 of 3rd period - Stopped by Henrik Lundqvist with a rebound.
11:50 of 3rd period - Slapshot by Tomas Kundratek.
11:50 of 3rd period - Shot Misses the Net.
11:52 of 3rd period - Snap shot by Nino Niederreiter.
11:52 of 3rd period - Goal by Nino Niederreiter - Jets : 2 - Canadiens : 4.
11:53 of 3rd period - Erik Haula wins face-off versus Sidney Crosby in neutral zone.
12:49 of 3rd period - Slapshot by Tyler Myers.
12:49 of 3rd period - Deflect By Nino Niederreiter.
12:49 of 3rd period - Goal by Nino Niederreiter - Jets : 3 - Canadiens : 4.
12:50 of 3rd period - Erik Haula wins face-off versus Sidney Crosby in neutral zone.
13:13 of 3rd period - Minor Penalty to Greg Stewart for Slashing.
13:14 of 3rd period - Erik Haula wins face-off versus Dustin Boyd in Canadiens zone.
13:19 of 3rd period - Snap shot by Corey Perry.
13:19 of 3rd period - Stopped by Henrik Lundqvist with a rebound.
13:21 of 3rd period - Backhand shot by Tyler Myers.
13:21 of 3rd period - Goal by Tyler Myers - Jets : 4 - Canadiens : 4.
13:22 of 3rd period - Erik Haula wins face-off versus Sidney Crosby in neutral zone.
14:00 of 3rd period - Wrist shot by Frans Nielsen.
14:00 of 3rd period - Stopped by Kari Lehtonen with a rebound.
14:10 of 3rd period - Snap shot by Marcel Goc.
14:10 of 3rd period - Stopped by Kari Lehtonen with a rebound.
14:12 of 3rd period - Wrist shot by David Jones.
14:12 of 3rd period - Stopped by Kari Lehtonen with a rebound.
14:14 of 3rd period - Snap shot by Marcel Goc.
14:14 of 3rd period - Stopped by Kari Lehtonen with a rebound.
14:16 of 3rd period - Slapshot by Adam Pardy.
14:16 of 3rd period - Shot Blocked by Nino Niederreiter.
14:22 of 3rd period - Snap shot by David Jones.
14:22 of 3rd period - Shot Misses the Net.
14:28 of 3rd period - Minor Penalty to Brendan Smith for Hooking.
14:29 of 3rd period - Corey Perry wins face-off versus Sidney Crosby in Jets zone.
14:32 of 3rd period - Snap shot by Sidney Crosby.
14:32 of 3rd period - Shot Misses the Net.
14:34 of 3rd period - Wrist shot by Sidney Crosby.
14:34 of 3rd period - Goal by Sidney Crosby - Jets : 4 - Canadiens : 5.
14:35 of 3rd period - Erik Haula wins face-off versus Sidney Crosby in neutral zone.
14:42 of 3rd period - Wrist shot by Corey Perry.
14:42 of 3rd period - Shot Misses the Net.
15:11 of 3rd period - Snap shot by Marcus Johansson.
15:11 of 3rd period - Stopped by Henrik Lundqvist without a rebound.
15:12 of 3rd period - Derek Stepan wins face-off versus Dustin Boyd in Canadiens zone.
15:24 of 3rd period - Slapshot by Enver Lisin.
15:24 of 3rd period - Shot Misses the Net.
15:26 of 3rd period - Wrist shot by Dustin Boyd.
15:26 of 3rd period - Stopped by Kari Lehtonen with a rebound.
15:40 of 3rd period - Wrist shot by Benoit Pouliot.
15:40 of 3rd period - Shot Misses the Net.
16:06 of 3rd period - Minor Penalty to Vitaly Vishnevsky for Goalie Interference.
16:07 of 3rd period - Benoit Pouliot wins face-off versus Dustin Boyd in Canadiens zone.
16:26 of 3rd period - Slapshot by Tyler Myers.
16:26 of 3rd period - Shot Blocked by Luke Schenn.
16:32 of 3rd period - Slapshot by Derek Stepan.
16:32 of 3rd period - Stopped by Henrik Lundqvist with a rebound.
16:36 of 3rd period - Backhand shot by Devin Setoguchi.
16:36 of 3rd period - Shot Misses the Net.
17:29 of 3rd period - Wrist shot by Brock Nelson.
17:29 of 3rd period - Stopped by Kari Lehtonen without a rebound.
17:30 of 3rd period - Derek Stepan wins face-off versus Marcel Goc in Jets zone.
18:06 of 3rd period - Penalty to Vitaly Vishnevsky is over, Vitaly Vishnevsky is back on ice.
18:22 of 3rd period - Vitaly Vishnevsky is hit by Marcus Johansson and loses puck.
19:10 of 3rd period - Jets, Kari Lehtonen is pulled from the net.
19:12 of 3rd period - Snap shot by Corey Perry.
19:12 of 3rd period - Stopped by Henrik Lundqvist without a rebound.
19:13 of 3rd period - Marc Crawford call a timeout for Jets.
19:13 of 3rd period - Frans Nielsen wins face-off versus Lee Stempniak in Canadiens zone.
19:18 of 3rd period - Slapshot by Raphael Diaz.
19:18 of 3rd period - Goal by Raphael Diaz - Jets : 4 - Canadiens : 6.
19:18 of 3rd period - Kari Lehtonen from Jets was sent back in the game.
19:19 of 3rd period - Dustin Boyd wins face-off versus Joe Colborne in neutral zone.
19:45 of 3rd period - Devin Setoguchi is hit by Mark Stuart.
19:48 of 3rd period - Off-side.
19:49 of 3rd period - Frans Nielsen wins face-off versus Derek Stepan in neutral zone.
Goals for this period are 3 for Jets vs 3 for Canadiens.
Shots for this period are 17 for Jets vs 16 for Canadiens.